 Dungeon Crawl Stone Soup version 0.31.0-12-g77e489cdc1 (console) character file.

Game seed: 13311939521120132630

740 vatarom the Ruffian (level 7, -2/60 HPs)
             Began as a Purple Draconian Shapeshifter on Mar 4, 2024.
             Slain by Ijyb the centaur
             ... wielding a +0 club
              (3 damage)
             ... on level 4 of the Dungeon on Mar 6, 2024.
             The game lasted 00:16:43 (3144 turns).

vatarom the Ruffian (Purple Draconian Shapeshifter) Turns: 3144, Time: 00:16:43

Health: -2/60      AC: -2    Str: 16    XL:     7   Next: 46%
Magic:  7/7        EV: 13    Int: 10    God:
Gold:   161        SH:  0    Dex: 13    Spells: 6/6 levels left

rFire   . .          .
                       - Unarmed
rCold   . . .        (no shield)
rNeg    . . .        (body armour unavailable)
rPois   .            (helmet currently unavailable)
rElec   .            a - melded scarf {rC+ rF+}
rCorr   .            (gloves currently unavailable)
SInv    .            g - melded +2 pair of boots
Will    +....        (no amulet)
Stlth   +            (no ring)
HPRegen 0.30/turn    (no ring)
MPRegen 0.10/turn

%: no passive effects
@: beast-form, corroded
A: beast (slay +2), breathe power, AC +6, unfitting armour, cold-blooded
a: Breathe Dispelling Energy, Begin Untransformation


You were on level 4 of the Dungeon.
You were a hulking beast.
You visited 1 branch of the dungeon, and saw 4 of its levels.

You collected 161 gold pieces.

Inventory:

Missiles
 f - 3 poisoned darts (quivered)
Armour
 a - a scarf of resistance (melded)
 g - a +2 pair of boots (melded)
Talismans
 b - a beast talisman (active)
 c - a flux talisman
Wands
 e - a wand of polymorph (8)
Scrolls
 d - a scroll of fog
 i - a scroll of immolation


   Skills:
 + Level 4.6 Fighting
 + Level 2.4 Throwing
 + Level 3.3 Dodging
 * Level 5.3 Unarmed Combat
 * Level 4.3 Shapeshifting


You had 6 spell levels left.
You didn't know any spells.
Your spell library contained the following spells:

 Spells                   Type           Power      Damage    Failure   Level
 Ensorcelled Hibernation  Hex/Ice        0%         N/A       50%         2
 Passwall                 Erth           0%         N/A       75%         3
 Swiftness                Air            0%         N/A       75%         3


Dungeon Overview and Level Annotations

Branches:
Dungeon (4/15)
 Temple: D:4-7

Altars:
Elyvilon
Vehumet

Annotations:
D:4 Ijyb


Innate Abilities, Weirdness & Mutations

You are a hulking beast.
Your limbs bulge with bestial killing power. (Slay +2)
You can breathe bolts of dispelling energy.
Your rich purple scales are hard. (AC +6)
You cannot fit into any form of body armour.
You are cold-blooded and may be slowed by cold attacks.


Message History

Ijyb is severely wounded.
Ijyb zaps a wand.
The bolt of acid hits you! The acid corrodes you!
You barely miss Ijyb.
Your tail-slap misses Ijyb.
Ijyb is severely wounded.
Ijyb zaps a wand.
The bolt of acid hits you!
You hit Ijyb but do no damage. You tail-slap Ijyb.
Ijyb is severely wounded.
Ijyb zaps a wand.
The bolt of acid hits you!!
* * * LOW HITPOINT WARNING * * *
The acid corrodes you!
You aren't carrying any potions.
Aiming: Polymorph
Press: ? - help, Shift-Dir - straight line, f - Ijyb
Aim: Ijyb, wielding a +0 club, wearing a +0 scale mail and carrying a wand of acid (severely wounded, will become a jelly, an adder, or a centaur, chance to affect: 57%) Ijyb resists with significant effort.
Ijyb closely misses you.
Aiming: Polymorph
Press: ? - help, Shift-Dir - straight line, f/p - Ijyb
Aim: Ijyb, wielding a +0 club, wearing a +0 scale mail and carrying a wand of acid (severely wounded, will become a jelly, an adder, or a centaur, chance to affect: 57%) Ijyb evaporates and reforms as a centaur!
Ijyb picks up a +0 club.
Ijyb wields a +0 club.
You hit Ijyb.
Ijyb is almost dead.
Ijyb picks up a wand of acid (8).
You hit Ijyb but do no damage.
Ijyb is almost dead.
You closely miss Ijyb. You tail-slap Ijyb, but do no damage.
Ijyb is almost dead.
Ijyb closely misses you. Ijyb kicks you.
* * * LOW HITPOINT WARNING * * *
Ijyb hits you with a +0 club.
* * * LOW HITPOINT WARNING * * *
Ijyb kicks you.
* * * LOW HITPOINT WARNING * * *
Aiming: Polymorph
Press: ? - help, Shift-Dir - straight line, f/p - Ijyb
Aim: Ijyb the centaur, wielding a +0 club and carrying a wand of acid (almost dead, will become a killer bee, a boggart, or an iguana, chance to affect: 49%) Ijyb resists with some effort.
Ijyb hits you with a +0 club!
* * * LOW HITPOINT WARNING * * *
Ijyb kicks you.
You die...

#.......# ...(
#.......# ...(
#.......# ......
#####.......# '......
............# #....#
............####....#
....................#
...........<........+
#####...............#
#...............#
#.......##'#h...#
#.......#..#c...#
#.......#..#....#
#.......#..#....+
#.......#..#....#
#.......#..#....#
.........#..#....#
.........#..#....#


You could see Ijyb the centaur.

Vanquished Creatures
  Grinder (D:3)
  Sigmund (D:3)
  A gnoll bouda (D:3)
  3 orc priests (D:3)
  Terence (D:3)
  3 orc wizards (D:3)
  5 gnolls
  2 adders (D:3)
  A white imp (D:3)
  14 orcs
  6 ball pythons
  11 bats
  8 endoplasms
  A giant cockroach (D:1)
  7 goblins
  5 hobgoblins
  6 jackals
  7 quokkas
  A frilled lizard (D:2)
  3 kobolds
  6 rats
93 creatures vanquished.

Notes
Turn   | Place    | Note
-------+----------+-------------------------------------------
     0 | D:1      | vatarom the Draconian Shapeshifter began the quest for the
                  | Orb.
     0 | D:1      | Reached XP level 1. HP: 16/16 MP: 1/1
    70 | D:1      | Reached XP level 2. HP: 23/23 MP: 2/2
   566 | D:2      | Reached XP level 3. HP: 29/29 MP: 3/3
  1198 | D:2      | Found a white marble altar of Elyvilon.
  1486 | D:3      | Reached XP level 4. HP: 21/37 MP: 4/4
  1597 | D:3      | Found a radiant altar of Vehumet.
  1602 | D:3      | Noticed Terence
  1610 | D:3      | HP: 1/23 [Terence/+0 flail (9)]
  1620 | D:3      | Killed Terence
  1621 | D:3      | Reached skill level 1 in Throwing
  1621 | D:3      | Reached skill level 4 in Unarmed Combat
  1628 | D:3      | Reached XP level 5. HP: 13/45 MP: 5/5
  2016 | D:3      | Noticed Sigmund
  2025 | D:3      | Killed Sigmund
  2026 | D:3      | Reached XP level 6. HP: 19/52 MP: 6/6
  2117 | D:3      | Noticed Grinder
  2125 | D:3      | Paralysed by Grinder for 3 turns
  2135 | D:3      | Killed Grinder
  2136 | D:3      | Reached skill level 5 in Unarmed Combat
  2136 | D:3      | Your scales start taking on a rich purple colour.
  2136 | D:3      | Reached XP level 7. HP: 28/59 MP: 7/7
  3127 | D:4      | Noticed Ijyb
  3140 | D:4      | Ijyb changed into Ijyb the centaur
  3140 | D:4      | Noticed Ijyb
  3144 | D:4      | HP: 1/60 [Ijyb the centaur/+0 club (8)]
  3144 | D:4      | Slain by Ijyb the centaur

Illustrated notes

Levels and vault maps discovered:
D:1:      scummos_arrival_star, layout_rooms
D:2:      layout_loops_ring, basic_altar, minmay_heptomino_l4
D:3:      layout_basic, general_overflow_altar, serial_bayou_lake_a,
          uniq_grinder, uniq_terence, uniq_sigmund
D:4:      layout_gridville, minitemple, uniq_ijyb, uniq_natasha, uniq_robin

Skill      XL: |  1  2  3  4  5  6  7 |
---------------+----------------------+-----
Dodging        | 2 3 |  3.3
Fighting       | 2 3 4 |  4.6
Throwing       | 1 2 |  2.4
Unarmed Combat | 4 5 |  5.3
Shapeshifting  | 4 |  4.3

Action                     |  1- 3 |  4- 6 |  7- 9 || total
---------------------------+-------+-------+-------++-------
  Melee: Unarmed           |   131 |    64 |   101 ||   296
         Punch             |     2 |     1 |     2 ||     5
         Tailslap          |    16 |     5 |    16 ||    37
  Throw: Dart              |       |       |     2 ||     2
Ability: Begin Untransform |     1 |       |       ||     1
         Breathe Dispellin |       |       |     3 ||     3
  Evoke: Wand              |       |       |     3 ||     3
    Use: Potion            |     5 |     4 |       ||     9
         Scroll            |     4 |     4 |     2 ||    10
   Stab: Sleeping          |     1 |       |     2 ||     3
 Armour: Skin              |    55 |    36 |    52 ||   143
  Dodge: Dodged            |    77 |    37 |    53 ||   167
   Form: Flux              |     1 |       |       ||     1
         Beast             |       |       |     1 ||     1
